 Dungeon Crawl Stone Soup version 0.23-a0-208-gb6b040f31c (webtiles) character file.

3584 PikkenKukken the Basher (level 10, -6/91 HPs)
             Began as a Gargoyle Fighter on Sept 25, 2018.
             Was a Believer of the Shining One.
             Mangled by a two-headed ogre
             ... wielding a +0 giant club
              (23 damage)
             ... on level 8 of the Dungeon.
             The game lasted 00:14:01 (7362 turns).

PikkenKukken the Basher (Gargoyle Fighter)          Turns: 7362, Time: 00:14:01

Health: -6/91      AC: 26    Str: 29    XL:     10   Next: 10%
Magic:  11/13      EV: 10    Int: 10    God:    the Shining One [**....]
Gold:   427        SH: 19    Dex:  9    Spells: 9/9 levels left

rFire    . . .     SeeInvis .   b - +4 flail (freeze) (curse)
rCold    . . .     Gourm    .   c - +0 shield
rNeg     + + +     Faith    .   g - +1 plate armour
rPois    ∞         Spirit   .   (no helmet)
rElec    +         Reflect  .   (no cloak)
rCorr    +         Harm     .   p - +2 pair of gloves of the Pirate {rN++ Str+2}
MR       .....                  y - +1 pair of boots
Stlth    ..........             s - amulet of regeneration
HPRegen  0.65/turn              r - ring of resist corrosion
MPRegen  0.13/turn              v - +3 ring of evasion

@: berserking, divine shield, glowing, very quick
A: negative energy resistance 1, electricity resistance, unbreathing,
petrification resistance, rot immunity, AC +7
a: Divine Shield, Renounce Religion


You were on level 8 of the Dungeon.
You worshipped the Shining One.
The Shining One was pleased with you.
You were hungry.

You visited 1 branch of the dungeon, and saw 8 of its levels.

You collected 427 gold pieces.

Inventory:

Hand Weapons
 b - a cursed +4 flail of freezing (weapon)
Armour
 c - a +0 shield (worn)
 g - a +1 plate armour (worn)
 p - the +2 pair of gloves of the Pirate (worn) {rN++ Str+2}
   (You found it on level 4 of the Dungeon)

   It affects your strength (+2).
   It greatly protects you from negative energy.
 y - a +1 pair of boots (worn)
Jewellery
 j - an uncursed ring of see invisible
 r - a ring of resist corrosion (left hand)
 s - an amulet of regeneration (around neck)
 v - a +3 ring of evasion (right hand)
Wands
 a - a wand of flame (13)
 n - a wand of iceblast (21)
 w - a wand of acid (4)
Scrolls
 k - 3 scrolls of teleportation
 m - 3 scrolls of enchant weapon
 o - 2 scrolls of fear
 q - 2 scrolls of remove curse
 t - a scroll of amnesia
Potions
 d - a potion of brilliance
 e - a potion of might
 h - 4 potions of agility
 u - a potion of resistance {unknown}
 x - a potion of haste {unknown}
 z - a potion of heal wounds {unknown}
 A - a potion of invisibility {unknown}
 B - a potion of magic {unknown}
Comestibles
 f - 16 rations


   Skills:
 + Level 6.8 Fighting
 * Level 8.1 Maces & Flails
 + Level 6.7 Armour
 + Level 4.3 Dodging
 + Level 6.7 Shields
 + Level 5.0 Invocations


You had 9 spell levels left.
You didn't know any spells.
Your spell library was empty.

Dungeon Overview and Level Annotations

Branches:
Dungeon (8/15)             Temple (0/1) D:4
   Lair: D:8-11

Altars:
Ashenzari
Dithmenos
Elyvilon
Fedhas
Gozag
Kikubaaqudgha
Qazlal
Sif Muna
Vehumet
Xom
The Shining One

Annotations:
D:5 3 runed doors, Ablot's ghost, novice GnSk
D:7 4 runed doors


Innate Abilities, Weirdness & Mutations

You are resistant to torment.
Your stone body is resilient. (AC +7)
You are immune to poison.
You resist negative energy. (rN+)
You are resistant to electric shocks. (rElec)
You can survive without breathing.
You are immune to petrification.
You are immune to rotting.


Message History

The two-headed ogre hits you but does no damage.
You hit the two-headed ogre. You freeze the two-headed ogre.
The two-headed ogre is heavily wounded.
The two-headed ogre hits you but does no damage.
The two-headed ogre hits you with a giant spiked club!
You hit the two-headed ogre. You freeze the two-headed ogre.
The two-headed ogre is heavily wounded.
The two-headed ogre hits you with a giant club!
The two-headed ogre hits you with a giant spiked club!
You hit the two-headed ogre. You freeze the two-headed ogre.
The two-headed ogre is severely wounded.
The two-headed ogre hits you with a giant club!!
* * * LOW HITPOINT WARNING * * *
You block the two-headed ogre's attack.
A red film seems to cover your vision as you go berserk!
You feel yourself moving faster!
You feel mighty!
You sock the two-headed ogre! You freeze the two-headed ogre.
The two-headed ogre is almost dead.
The two-headed ogre hits you with a giant club!!
You die...

##.............................
##...........................#
###............<...........##
##.)......................#
######........................##
..##....###..................##
.......## ##................##
........# ##...............#
##......## #...@O..........##
##..###..#####...##......#...##
#..# ##...#########.#...##...#
#..# ##....# ####...###### ##.#
##...# ###......# ##.# ##..##
#.......## ##..# #..## ...#....#
...## ##..# .. ##...# ..## #..##
. #...#


You could see a two-headed ogre.

Vanquished Creatures
  Harold (D:7)
  Sigmund (D:2)
  Menkaure (D:5)
  Duvessa (D:6)
  A black bear (D:8)
  2 ice beasts (D:5)
  A sky beast (D:2)
  4 phantoms
  4 ogres
  3 centaurs
  A big kobold (D:8)
  Dowan (D:6)
  3 killer bees (D:8)
  5 wights (D:7)
  A howler monkey (D:5)
  2 crimson imps
  A hound (D:7)
  2 jellies
  2 orc priests (D:5)
  Crazy Yiuf (D:2)
  2 bullfrog skeletons
  2 orc wizards
  2 centaur skeletons (D:5)
  Terence (D:2)
  Jessica (D:2)
  2 worker ants (D:5)
  An iguana (D:8)
  2 hound zombies (D:6)
  Robin (D:2)
  4 adders
  2 shadow imps
  2 oozes (D:1)
  2 adder skeletons (D:8)
  5 worms
  A dart slug (D:1)
  3 leopard geckos
  11 orcs
  2 ball pythons
  A giant cockroach (D:3)
  14 hobgoblins
  3 jackals (D:5)
  3 quokkas
  7 bats
  4 frilled lizards
  A giant cockroach zombie (D:5)
  16 goblins
  15 kobolds
  A quokka zombie (D:8)
  7 rats
156 creatures vanquished.

Notes
Turn   | Place    | Note
-------+----------+-------------------------------------------
     0 | D:1      | PikkenKukken the Gargoyle Fighter began the quest for the
                  | Orb.
     0 | D:1      | Reached XP level 1. HP: 14/14 MP: 1/1
   189 | D:1      | Reached XP level 2. HP: 19/19 MP: 2/2
   428 | D:1      | Reached XP level 3. HP: 21/23 MP: 3/3
   784 | D:2      | Noticed Robin
   814 | D:1      | Reached XP level 4. HP: 25/29 MP: 4/4
   824 | D:1      | Reached skill level 1 in Dodging
   868 | D:1      | Reached skill level 3 in Maces & Flails
   940 | D:2      | Killed Robin
  1031 | D:2      | Noticed a sky beast
  1031 | D:2      | Noticed Jessica
  1055 | D:2      | Killed a sky beast
  1055 | D:2      | Reached XP level 5. HP: 20/33 MP: 5/5
  1056 | D:2      | Killed Jessica
  1329 | D:2      | Reached XP level 6. HP: 36/38 MP: 6/6
  1505 | D:2      | Noticed Terence
  1535 | D:2      | Killed Terence
  1535 | D:2      | Reached skill level 4 in Maces & Flails
  1553 | D:2      | Found a white marble altar of Elyvilon.
  1554 | D:2      | Found a glowing golden altar of the Shining One.
  1557 | D:2      | Became a worshipper of the Shining One
  1576 | D:2      | Found a runed door.
  1630 | D:2      | Noticed Sigmund
  1642 | D:2      | Killed Sigmund
  1867 | D:2      | Noticed Crazy Yiuf
  1874 | D:2      | Killed Crazy Yiuf
  1874 | D:2      | Reached skill level 1 in Invocations
  1874 | D:2      | Reached XP level 7. HP: 37/44 MP: 7/7
  2577 | D:3      | Found a faded altar of an unknown god.
  3021 | D:4      | Found a staircase to the Ecumenical Temple.
  3030 | D:4      | Got a pair of warped gloves
  3041 | D:4      | Identified the +2 pair of gloves of the Pirate {rN++ Str+2}
                  | (You found it on level 4 of the Dungeon)
  3645 | D:5      | Entered Level 5 of the Dungeon
  3667 | D:5      | Reached skill level 5 in Maces & Flails
  3684 | D:5      | Reached skill level 5 in Fighting
  3785 | D:5      | Reached XP level 8. HP: 45/49 MP: 9/9
  3795 | D:5      | Reached skill level 5 in Armour
  3829 | D:5      | Reached skill level 5 in Shields
  3864 | D:5      | Reached * piety under the Shining One
  3926 | D:5      | Found an opulent altar of Gozag.
  4314 | D:5      | Noticed Menkaure
  4326 | D:5      | Killed Menkaure
  4326 | D:5      | Reached skill level 6 in Maces & Flails
  4761 | D:5      | Found a runed gate.
  4768 | D:5      | Found a runed gate.
  4768 | D:5      | Found a runed gate.
  4770 | D:5      | Noticed Ablot's ghost (novice GnSk)
  4865 | D:6      | Noticed Duvessa
  4879 | D:6      | Killed Duvessa
  4883 | D:6      | Noticed Dowan
  4904 | D:6      | Killed Dowan
  4904 | D:6      | Reached XP level 9. HP: 42/55 MP: 11/11
  5001 | D:6      | Found a shattered altar of Ashenzari.
  5200 | D:6      | Found a shadowy altar of Dithmenos.
  5247 | D:6      | Found a shimmering altar of Xom.
  5247 | D:6      | Found a shimmering altar of Xom.
  5248 | D:6      | Found a shimmering altar of Xom.
  5484 | D:6      | Found a deep blue altar of Sif Muna.
  5682 | D:7      | Found a stormy altar of Qazlal.
  5726 | D:7      | Found a huge runed gate.
  5726 | D:7      | Found a huge runed gate.
  5726 | D:7      | Found a huge runed gate.
  5726 | D:7      | Found a huge runed gate.
  5726 | D:7      | Noticed a polar bear
  5726 | D:7      | Reached ** piety under the Shining One
  5726 | D:7      | Noticed a polar bear
  5726 | D:7      | Noticed a polar bear
  5727 | D:7      | Noticed a polar bear
  5727 | D:7      | Noticed a polar bear
  5971 | D:7      | Reached skill level 7 in Maces & Flails
  6144 | D:7      | Noticed Harold
  6162 | D:7      | Killed Harold
  6700 | D:8      | Reached XP level 10. HP: 61/61 MP: 13/13
  6737 | D:8      | Found a blossoming altar of Fedhas.
  6779 | D:8      | Found a radiant altar of Vehumet.
  6818 | D:8      | Reached skill level 8 in Maces & Flails
  6978 | D:8      | Reached skill level 5 in Invocations
  7011 | D:8      | Found a deep blue altar of Sif Muna.
  7274 | D:8      | Found an ancient bone altar of Kikubaaqudgha.
  7349 | D:8      | Noticed a two-headed ogre
  7349 | D:8      | Reached *** piety under the Shining One
  7362 | D:8      | Mangled by a two-headed ogre

Vault maps used:
D:1:      lemuel_arrival_rhombus, minmay_misc_feat_five,
          minmay_tree_intersection
D:2:      tso_oasis_becter, lemuel_crystal_altar, first_ration,
          grunt_ministairs_7, uniq_crazy_yiuf_cottage, uniq_robin, uniq_sigmund,
          uniq_terence, uniq_jessica
D:3:      chequers_ecumenical_altar_simple
D:4:      minmay_temple_entry_glass
D:5:      nicolae_gozag_cash_rules_everything_around_me,
          gammafunk_ghost_necromancy, uniq_menkaure
D:6:      ashenzari_altar_1, kennysheep_mini, xom_redecorated,
          lemuel_round_altar, uniq_duvessa
D:7:      lemuel_bear_cage, lemuel_doored_altar, uniq_harold
D:8:      vehumet_altar_wand_db, kennysheep_little_box, fedhas_altar_3,
          basic_altar

Skill      XL: |  1  2  3  4  5  6  7  8  9 10 |
---------------+-------------------------------+-----
Dodging        | 1 2 3 4 |  4.3
Maces & Flails | 3 4 5 6 7 8 |  8.1
Fighting       | 4 5 6 |  6.8
Armour         | 4 5 6 |  6.7
Shields        | 4 5 6 |  6.7
Invocations    | 1 2 3 4 5 |  5.0

Action                   |  1- 3 |  4- 6 |  7- 9 | 10-12 || total
-------------------------+-------+-------+-------+-------++-------
Melee: Flail             |   112 |   130 |    44 |    51 ||   337
       Mace              |       |    16 |   313 |       ||   329
Invok: Divine Shield     |       |       |     2 |     1 ||     3
  Use: Scroll            |     5 |     6 |     8 |       ||    19
       Potion            |       |     3 |     1 |     1 ||     5
  Eat: Chunk             |       |     4 |    16 |     1 ||    21
Armor: Scale mail        |    76 |    57 |       |       ||   133
       Plate armour      |       |     3 |   204 |    28 ||   235
       Chain mail        |       |     2 |       |       ||     2
       Skin              |       |       |    25 |       ||    25
Dodge: Dodged            |    37 |    37 |    72 |    24 ||   170
Block: Shield            |    68 |    61 |   169 |    24 ||   322

Table legend:
 A = Non-vault XP
 B = Vault XP
 C = Vault XP percentage of total XP
 D = Non-vault monster count
 E = Vault monster count
 F = Vault count percentage of total count
                 A         B        C        D         E       F
            +---------+---------+-------+---------+---------+-------
      Total |    3267 |    1853 |  36.2 |     132 |      24 |  15.4
            +---------+---------+-------+---------+---------+-------
        D:1 |      81 |      24 |  22.9 |      32 |      12 |  27.3
        D:2 |      45 |     471 |  91.3 |      15 |       7 |  31.8
        D:3 |     175 |       0 |   0.0 |      13 |       0 |   0.0
        D:4 |     125 |       0 |   0.0 |       3 |       0 |   0.0
        D:5 |    1051 |     165 |  13.6 |      28 |       1 |   3.4
        D:6 |     212 |     189 |  47.1 |       6 |       2 |  25.0
        D:7 |     922 |    1002 |  52.1 |      15 |       1 |   6.2
        D:8 |     656 |       2 |   0.3 |      20 |       1 |   4.8
            +---------+---------+-------+---------+---------+-------
